 Dungeon Crawl Stone Soup version 0.29-a0-1027-gcd8c55af63 (webtiles) character file.

Game seed: 9813548943287348964

8 DungeonMaster the Sneak (level 2, 21/21 HPs)
             Began as a Demonspawn Wanderer on Aug 12, 2022.
             Quit the game on level 1 of the Dungeon.
             The game lasted 00:00:49 (402 turns).

DungeonMaster the Sneak (Demonspawn Wanderer)        Turns: 402, Time: 00:00:50

Health: 21/21      AC: 10    Str: 13    XL:     2   Next: 0%
Magic:  3/3        EV:  5    Int: 12    God:
Gold:   35         SH:  0    Dex: 12    Spells: 2/3 levels left

rFire   + . .      SeeInvis .   a - +0 short sword
rCold   . . .      Faith    .   (no shield)
rNeg    . . .      Spirit   .   f - +1 chain mail {rF+}
rPois   .          Reflect  .   (no helmet)
rElec   .          Harm     .   (no cloak)
rCorr   .          Rampage  .   b - +0 pair of gloves
Will    .....                   (no boots)
Stlth   ..........              (no amulet)
HPRegen 0.07/turn               (no ring)
MPRegen 0.08/turn               (no ring)

@: no status effects
A: claws 1
a: no special abilities


You were on level 1 of the Dungeon.
You visited 1 branch of the dungeon, and saw 1 of its levels.

You collected 35 gold pieces.

Inventory:

Hand Weapons
 a - a +0 short sword (weapon)
Missiles
 h - a stone
Armour
 b - a +0 pair of gloves (worn)
 f - a +1 chain mail of fire resistance (worn)
Jewellery
 i - a ring of protection from fire
Scrolls
 e - 2 scrolls of amnesia {unknown}
 g - a scroll of identify {unknown}
Potions
 c - a potion of haste
 d - a potion of curing {unknown}


   Skills:
 * Level 1.4 Fighting
 - Level 1.7 Short Blades
 * Level 1.3 Armour
 * Level 0.6 Dodging
 - Level 2.6 Stealth
 - Level 1.0 Spellcasting
 - Level 2.0 Poison Magic


You had 2 spell levels left.
You knew the following spells:

 Your Spells              Type           Power      Damage    Failure   Level
a - Sting                 Tmut/Pois      12%        1d3       100%        1

Your spell library contained the following spells:

 Spells                   Type           Power      Damage    Failure   Level
 Poisonous Vapours        Pois/Air       6%         N/A       100%        2
 Mephitic Cloud           Conj/Pois/Air  2%         N/A       100%        3


Dungeon Overview and Level Annotations

Branches:
Dungeon (1/15)

Altars:


Innate Abilities, Weirdness & Mutations

You have sharp fingernails.


Message History

No target in view!
No target in view!
No target in view!
No target in view!
No target in view!
No target in view!
No target in view!
No target in view!
A frilled lizard is nearby!
The frilled lizard hisses angrily.
The frilled lizard barely misses you.
You hit the frilled lizard.
You kill the frilled lizard!
A kobold comes into view. It is wielding a +0 dagger.
The kobold shouts!
The kobold hits you but does no damage.
You hit the kobold but do no damage. The kobold hits you but does no damage.
You closely miss the kobold. The kobold barely misses you.
You hit the kobold but do no damage. The kobold hits you but does no damage.
You barely miss the kobold. The kobold hits you but does no damage.
You hit the kobold but do no damage. The kobold hits you with a +0 dagger.
You hit the kobold but do no damage. The kobold hits you but does no damage.
You hit the kobold but do no damage. The kobold hits you but does no damage.
You barely miss the kobold. The kobold barely misses you.
You closely miss the kobold. The kobold hits you but does no damage.
You barely miss the kobold. The kobold hits you but does no damage.
You hit the kobold but do no damage. The kobold barely misses you.
You hit the kobold.
The kobold is severely wounded.
The kobold hits you but does no damage.
You hit the kobold.
You kill the kobold!
You have reached level 2!
Your demonic ancestry asserts itself...
Your fingernails lengthen.
h - a stone;
i - a ring of protection from fire You now have 35 gold pieces (gained 16).
Things that are here:
a +0 dagger; a +0 ring mail Are you sure you want to abandon this character and quit the game? (Confirm with "yes".)

#.....### #
#.....# # #.#.###
# #####.#.#####...
# #...............
#
###.###.#######...
# ... #..# #
.#####.####.# .
.......@....#
..####.####.# #..
#.# #... #)# #..⌠.
#.# .....#$[...#
#.#..⌠r⌠..#.#
#.##..)..##..
#...# #..


There were no monsters in sight!

Vanquished Creatures
  A ball python (D:1)
  An endoplasm (D:1)
  A giant cockroach (D:1)
  A quokka (D:1)
  A frilled lizard (D:1)
  2 kobolds (D:1)
7 creatures vanquished.

Notes
Turn   | Place    | Note
-------+----------+-------------------------------------------
     0 | D:1      | DungeonMaster the Demonspawn Wanderer began the quest for
                  | the Orb.
     0 | D:1      | DungeonMaster set off with the following items: a +0 short
                  | sword, a +0 pair of gloves, a potion of haste, a +0 leather
                  | armour; and the following spell memorised: Sting; and the
                  | following spells available to memorise: Poisonous Vapours,
                  | Mephitic Cloud.
     0 | D:1      | Reached XP level 1. HP: 15/15 MP: 2/2
   340 | D:1      | Gained mutation: You have sharp fingernails. [demonic
                  | ancestry]
   340 | D:1      | Reached XP level 2. HP: 16/21 MP: 3/3
   402 | D:1      | Quit the game

Illustrated notes

Levels and vault maps discovered:
D:1:      scummos_arrival_checkerplants, layout_basic, basic_ecumenical_altar,
          minmay_crystal_room, minmay_nonomino_d4

Action                   || total
-------------------------++-------
Melee: Short sword       ||    43
Armor: Chain mail        ||    27
Dodge: Dodged            ||    11

Table legend: (Time is in decaauts)
 A = Elapsed time spent in this place.
 B = Non-inter-level travel time spent in this place.
 C = Inter-level travel time spent in this place.
 D = Time resting spent in this place.
 E = Time spent auto-exploring this place.
 F = Levels seen in this place.
 G = Mean time per level.
                   A        B        C        D        E       F      G
               +--------+--------+--------+--------+--------+-----+--------+
         Total |    402 |    402 |      0 |    100 |    205 |   1 |  402.0 |
       Dungeon |    402 |    402 |      0 |    100 |    205 |   1 |  402.0 |
               +--------+--------+--------+--------+--------+-----+--------+

Top non-repeatable levels by time:
     D:1: 402 daAuts
